 Dungeon Crawl Stone Soup version 0.28-a0-1374-ga75cb3825e (webtiles) character file.

Game seed: 7862779465162964976

1554 fragbeetle the Chopper (level 8, -4/102 HPs)
             Began as a Palentonga Berserker on Dec 31, 2021.
             Was a Priest of Trog.
             Slain by Duvessa (8 damage)
             ... on level 4 of the Dungeon.
             The game lasted 00:16:53 (5744 turns).

fragbeetle the Chopper (Palentonga Berserker)       Turns: 5744, Time: 00:16:53

Health: -4/102     AC: 16    Str: 23    XL:     8   Next: 57%
Magic:  8/8        EV:  9    Int:  8    God:    Trog [***...]
Gold:   122        SH:  0    Dex:  9    Spells: 7/7 levels left

rFire   . . .      SeeInvis +   a - +0 hand axe
rCold   . . .      Faith    .   (no shield)
rNeg    . . .      Spirit   .   r - +0 scale mail
rPois   .          Reflect  .   (no helmet)
rElec   .          Harm     .   (no cloak)
rCorr   .          Rampage  .   s - +1 pair of gloves
Will    .....                   (no barding)
Stlth   ..........              (no amulet)
HPRegen 0.27/turn               (no ring)
MPRegen 0.11/turn               (no ring)

@: berserking, curled up, very quick
A: large, rugged brown scales 3, see invisible, deformed body, roll 1, armoured
tail, reflexive curl
a: Rolling Charge, Renounce Religion, Berserk, Trog's Hand


You were on level 4 of the Dungeon.
You worshipped Trog.
Trog was most pleased with you.
You visited 1 branch of the dungeon, and saw 7 of its levels.
You also visited: Ossuary.

You collected 210 gold pieces.
You spent 88 gold pieces at shops.

Inventory:

Hand Weapons
 a - a +0 hand axe (weapon)
 d - a +2 short sword of speed
 i - a +3 short sword
 t - a +0 fustibalus
 v - a +3 long sword
 E - a +3 dagger of freezing
 F - a +1 falchion of electrocution
Missiles
 c - 2 silver javelins
 h - 112 stones
 o - 12 poisoned darts
 u - a boomerang
Armour
 r - a +0 scale mail (worn)
 s - a +1 pair of gloves (worn)
Wands
 D - a wand of flame (13)
Scrolls
 b - a scroll of fear {unknown}
 e - a scroll of enchant armour
 k - 2 scrolls of teleportation {unknown}
 l - a scroll of brand weapon {unknown}
 m - 2 scrolls of noise {unknown}
 n - a scroll of immolation {unknown}
 p - a scroll of magic mapping {unknown}
 y - 2 scrolls of vulnerability {unknown}
 A - a scroll of identify {unknown}
 B - 2 scrolls of amnesia {unknown}
 H - a scroll of blinking {unknown}
Potions
 f - 6 potions of curing
 g - a potion of heal wounds {unknown}
 j - a potion of invisibility {unknown}
 q - a potion of attraction {unknown}
 w - a potion of lignification {unknown}
 x - a potion of brilliance {unknown}
 z - 2 potions of resistance {unknown}
 C - a potion of berserk rage {unknown}
 G - 2 potions of might


   Skills:
 + Level 6.1 Fighting
 * Level 6.2 Axes
 + Level 4.7 Armour
 + Level 4.7 Dodging
 + Level 0.0 Evocations


You had 7 spell levels left.
You didn't know any spells.
Your spell library contained the following spells:

 Spells                   Type           Power      Damage    Failure   Level
 Blink                    Tloc           0%         N/A       85%         2
 Passwall                 Tmut/Erth      0%         N/A       85%         2
 Swiftness                Air            0%         N/A       97%         3
 Manifold Assault         Tloc           0%         N/A       100%        5
 Storm Form               Tmut/Air       0%         N/A       100%        7


Dungeon Overview and Level Annotations

Branches:
Dungeon (7/15)             Temple (0/1) D:4         Ossuary (visited)

Altars:
Ashenzari
Cheibriados
Dithmenos
Kikubaaqudgha
Nemelex Xobeh
Okawaru

Shops:
D:4 !=

Annotations:
D:4 Duvessa


Innate Abilities, Weirdness & Mutations

You are completely covered in rugged brown scales. (AC +3, +7% HP)
You have supernaturally acute eyesight. (SInv)
Armour fits poorly on your strangely shaped body.
You can roll at nearby foes to attack.
You have a long armoured tail.
You curl defensively after being hit. (AC +7*)


Message History

Found a staircase to the Ecumenical Temple.
There is a staircase to the Ecumenical Temple here.
Duvessa, Sister of Dowan comes into view.
She is wielding a +0 rapier and wearing a +1 scale mail of cold resistance.
Duvessa shouts!
Duvessa goes berserk!
A red film seems to cover your vision as you go berserk!
You feel yourself moving faster!
You feel mighty! Duvessa hits you with a +0 rapier. x2
You closely miss Duvessa. Duvessa closely misses you.
You slash Duvessa!
Duvessa is lightly wounded.
Duvessa hits you with a +0 rapier.
You barely miss Duvessa.
Duvessa is lightly wounded.
Duvessa hits you but does no damage.
You slash Duvessa!
Duvessa is moderately wounded.
Duvessa hits you with a +0 rapier!!
You hit Duvessa.
Duvessa is moderately wounded.
Duvessa hits you with a +0 rapier!
You barely miss Duvessa.
Duvessa is moderately wounded.
Duvessa hits you with a +0 rapier!
You slash Duvessa!
Duvessa is heavily wounded.
Duvessa hits you with a +0 rapier!
* * * LOW HITPOINT WARNING * * *
You hit Duvessa but do no damage.
Duvessa is heavily wounded.
Duvessa hits you with a +0 rapier.
* * * LOW HITPOINT WARNING * * *
You hit Duvessa but do no damage. You tail-slap Duvessa!
Duvessa is severely wounded.
Duvessa hits you with a +0 rapier!
* * * LOW HITPOINT WARNING * * *
You hit Duvessa but do no damage. You tail-slap Duvessa!
Duvessa is almost dead.
Duvessa hits you with a +0 rapier!
You die...

#..##. #..# #)####### #.##.
...##. ##.# #.# #.###
#.####.# #.# #.##. #.†...#
#.# #.## #.###..#######.#
..# # #..........# #.#
#.#####..### #.#
##.#####.e# #.#
.........@### #.#
##.#####....# #.# # ..#
####.# #.# ## ### #.#
#.#####.
############.#######.......
#....................######
#.#######.##.#######.# #
#.# #......# #.# # #.#
###..###.## #.# #


You could see Duvessa (berserk).

Vanquished Creatures
  An unseen horror (D:7)
  Sigmund (D:3)
  2 wraiths (Ossuary)
  A phantom (D:5)
  2 scorpions
  A water moccasin skeleton (D:4)
  Dowan (D:4)
  3 wights (Ossuary)
  2 bullfrog zombies
  A centaur skeleton (D:5)
  A hound (D:7)
  An orc priest (D:5)
  4 orc wizards
  A gnoll (D:1)
  2 adders
  A shadow imp (D:7)
  A white imp (D:5)
  3 adder zombies
  A worm (D:2)
  4 dart slugs
  17 orcs
  6 endoplasms
  5 giant cockroaches
  7 hobgoblins
  3 jackals (D:5)
  5 quokkas
  8 ball pythons
  A ball python skeleton (Ossuary)
  2 bats (D:2)
  4 frilled lizards
  2 goblins (D:2)
  A hobgoblin skeleton (Ossuary)
  A jackal skeleton (D:4)
  8 kobolds
  A kobold zombie (Ossuary)
  2 orc skeletons (Ossuary)
  2 orc zombies (Ossuary)
  7 rats
116 creatures vanquished.

Vanquished Creatures (others)
  6 plants (D:1)
6 creatures vanquished.

Grand Total: 122 creatures vanquished

Notes
Turn   | Place    | Note
-------+----------+-------------------------------------------
     0 | D:1      | fragbeetle the Palentonga Berserker began the quest for the
                  | Orb.
     0 | D:1      | Reached XP level 1. HP: 19/19 MP: 1/1
   198 | D:1      | Reached XP level 2. HP: 25/25 MP: 2/2
   759 | D:1      | Reached XP level 3. HP: 28/31 MP: 3/3
  1622 | D:2      | Reached ** piety under Trog
  1734 | D:2      | Reached XP level 4. HP: 17/37 MP: 4/4
  2434 | D:3      | Noticed Sigmund
  2504 | D:3      | Found a broken altar of Ashenzari.
  2507 | D:3      | Found a snail-covered altar of Cheibriados.
  2570 | D:4      | Found Hereoxem's Jewellery Shop.
  2671 | D:4      | Noticed Dowan
  2706 | D:4      | Killed Dowan
  2838 | D:4      | Found Gimnoo's Distillery.
  2856 | D:4      | Reached XP level 5. HP: 18/44 MP: 5/5
  2858 | D:4      | Bought a potion of degeneration for 11 gold pieces
  2858 | D:4      | Bought a potion of curing for 33 gold pieces
  3302 | D:4      | You fall into a shaft and drop 3 floors!
  3302 | D:7      | Noticed an unseen horror
  3316 | D:7      | Reached XP level 6. HP: 27/51 MP: 6/6
  3316 | D:7      | Killed an unseen horror
  3317 | D:7      | Gained mutation: You curl defensively after being hit. (AC
                  | +7*) [Palentonga growth]
  3317 | D:7      | Reached XP level 7. HP: 20/58 MP: 7/7
  3654 | D:5      | Entered Level 5 of the Dungeon
  3739 | D:5      | Reached skill level 5 in Axes
  3753 | D:5      | Found a shadowy altar of Dithmenos.
  3765 | D:5      | Reached skill level 5 in Fighting
  3810 | D:5      | Found a sparkling altar of Nemelex Xobeh.
  3903 | D:5      | Found a sand-covered staircase.
  3961 | Ossuary  | Entered an ossuary
  4296 | Ossuary  | Noticed a flying skull
  4296 | Ossuary  | Noticed a wraith
  4307 | Ossuary  | Noticed a flying skull
  4308 | Ossuary  | Noticed a flying skull
  4322 | Ossuary  | Noticed a flying skull
  4419 | Ossuary  | Noticed a wraith
  4424 | Ossuary  | Killed a wraith
  4425 | Ossuary  | Reached XP level 8. HP: 55/67 MP: 8/8
  4568 | Ossuary  | Noticed a flying skull
  4988 | D:4      | Bought a potion of might for 44 gold pieces
  5131 | D:3      | Reached *** piety under Trog
  5155 | D:3      | Killed Sigmund
  5460 | D:3      | Found an iron altar of Okawaru.
  5460 | D:3      | Found an ancient bone altar of Kikubaaqudgha.
  5686 | D:4      | Found a staircase to the Ecumenical Temple.
  5732 | D:4      | Noticed Duvessa
  5743 | D:4      | HP: 4/102 [Duvessa (16)]
  5744 | D:4      | Slain by Duvessa

Illustrated notes

Levels and vault maps discovered:
D:1:      ebering_trefoil_3fold, layout_basic, nicolae_grassy_gnolls
D:2:      layout_basic, minmay_box_of_dots
D:3:      layout_rooms, amethyst_overflow_temple_binary, jmf_multi_god_temple,
          chequers_serial_rivers_small_a, uniq_sigmund
D:4:      layout_loops_ring, lemuel_temple_firewalk_a, serial_shops,
          nicolae_shop_crystal, shop, uniq_duvessa
D:5:      lemuel_castle_with_subvaults [lemuel_castle_interior_carwin_2],
          layout_basic, grunt_dithmenos_shadows, mainiacjoe_overflow_24_doors,
          dancing_weapons_uskayaw, enter_ossuary_1, st_stairs_5
D:6:      layout_cave_pools, bloody_makhleb, minivault_14, uniq_grinder,
          uniq_crazy_yiuf_cottage
D:7:      layout_basic, mainiacjoe_overflow_small_starburst, serial_shops, shop

Skill      XL: |  1  2  3  4  5  6  7  8 |
---------------+-------------------------+-----
Dodging        | 2 3 4 |  4.7
Armour         | 2 3 4 |  4.7
Axes           | 4 5 6 |  6.2
Fighting       | 4 5 6 |  6.1

Action                   |  1- 3 |  4- 6 |  7- 9 || total
-------------------------+-------+-------+-------++-------
Melee: Hand axe          |   104 |    67 |   193 ||   364
       Tailslap          |    11 |     7 |    27 ||    45
Invok: Berserk           |     1 |     4 |     7 ||    12
       Trog's Hand       |       |       |     1 ||     1
 Abil: Rolling Charge    |     1 |       |       ||     1
  Use: Scroll            |       |       |     1 ||     1
Armor: Animal skin       |    15 |       |       ||    15
       Ring mail         |    18 |    10 |       ||    28
       Scale mail        |       |    11 |    76 ||    87
Dodge: Dodged            |    36 |    28 |    50 ||   114

Table legend: (Time is in decaauts)
 A = Elapsed time spent in this place.
 B = Non-inter-level travel time spent in this place.
 C = Inter-level travel time spent in this place.
 D = Time resting spent in this place.
 E = Time spent auto-exploring this place.
 F = Levels seen in this place.
 G = Mean time per level.
                   A        B        C        D        E       F      G
               +--------+--------+--------+--------+--------+-----+--------+
         Total |   5892 |   5862 |     30 |   2417 |   1576 |   8 |  736.5 |
       Dungeon |   5058 |   5028 |     30 |   1887 |   1576 |   7 |  722.6 |
       Ossuary |    833 |    833 |      0 |    530 |      0 |   1 |  833.0 |
               +--------+--------+--------+--------+--------+-----+--------+

Top non-repeatable levels by time:
     D:1: 1405 daAuts
     D:2: 1093 daAuts
     D:4: 1087 daAuts
 Ossuary: 833 daAuts
     D:3: 564 daAuts
     D:5: 549 daAuts
     D:7: 354 daAuts
     D:6: 4 daAuts
